 Seeded DCSS version 0.29.1-2-gbd0b4ee654 (webtiles) character file.

Game seed: 1738030888014195264 (custom seed)

335 kingsuperguy the Slasher (level 6, 0/84 HPs)
             Began as a Minotaur Berserker on Nov 30, 2022.
             Was a Believer of Trog.
             Slain by an orc
             ... wielding a +0 flail
              (5 damage)
             ... on level 4 of the Dungeon.
             The game lasted 00:04:05 (4161 turns).

kingsuperguy the Slasher (Minotaur Berserker)       Turns: 4161, Time: 00:04:06

Health: 0/84       AC: 11    Str: 24    XL:     6   Next: 28%
Magic:  0/5        EV:  9    Int:  4    God:    Trog [**....]
Gold:   265        SH:  0    Dex:  9    Spells: 5/5 levels left

rFire   . . .      SeeInvis .   a - +0 falchion
rCold   . . .      Faith    .   (no shield)
rNeg    . . .      Spirit   +   l - +0 chain mail
rPois   .          Reflect  .   (helmet restricted)
rElec   .          Harm     .   t - +0 cloak
rCorr   .          Rampage  .   (no gloves)
Will    .....                   n - +0 pair of boots
Stlth   ..........              s - amulet of guardian spirit
HPRegen 0.24/turn               (no ring)
MPRegen 0.09/turn               (no ring)

@: berserking, very quick
A: horns 2, retaliatory headbutt
a: Renounce Religion, Berserk, Trog's Hand


You were on level 4 of the Dungeon.
You worshipped Trog.
Trog was pleased with you.
You visited 1 branch of the dungeon, and saw 5 of its levels.

You collected 265 gold pieces.

Inventory:

Hand Weapons
 a - a +0 falchion (weapon)
Armour
 b - a +0 animal skin
 l - a +0 chain mail (worn)
 n - a +0 pair of boots (worn)
 t - a +0 cloak (worn)
 y - a +0 ring mail of willpower
Jewellery
 s - an amulet of guardian spirit (around neck)
 u - a +6 ring of intelligence
Wands
 v - a wand of acid (6)
Scrolls
 f - 6 scrolls of identify {unknown}
 h - 2 scrolls of blinking {unknown}
 m - a scroll of fear {unknown}
 o - 3 scrolls of teleportation {unknown}
 r - a scroll of vulnerability {unknown}
 x - a scroll of immolation {unknown}
Potions
 c - 2 potions of brilliance {unknown}
 d - 2 potions of curing {unknown}
 e - 2 potions of magic {unknown}
 g - a potion of degeneration {unknown}
 i - 3 potions of heal wounds {unknown}
 j - 2 potions of lignification {unknown}
 k - a potion of might {unknown}
 p - a potion of experience {unknown}
 q - a potion of cancellation {unknown}
 w - a potion of invisibility {unknown}
 z - a potion of berserk rage {unknown}


   Skills:
 + Level 5.1 Fighting
 + Level 6.3 Long Blades
 + Level 4.0 Armour
 + Level 3.2 Dodging
 + Level 0.2 Stealth


You had 5 spell levels left.
You didn't know any spells.
Your spell library was empty.

Dungeon Overview and Level Annotations

Branches:
Dungeon (5/15)
 Temple: D:4-7

Altars:
Sif Muna

Shops:
D:1 (   D:3 =   D:4 *


Innate Abilities, Weirdness & Mutations

You have a pair of horns on your head.
You reflexively headbutt those who attack you in melee.


Message History

You start resting.
HP restored.
There is a stone staircase leading down here.
You climb downwards.
The orc shouts!
An adder comes into view.
The lemure hits you. The orc hits you with a +0 flail.
The orc hits you with a +0 mace!
The orc priest calls down the wrath of Beogh upon you.
Beogh smites you!
An orc comes into view. It is wielding a +0 club.
The orc hits you but does no damage. The lemure barely misses you.
You furiously retaliate!
You headbutt the lemure, but do no damage.
The orc barely misses you. The worm bites you.
There is a stone staircase leading up here.
You can't go down here!
The orc wizard mumbles some strange words.
The orc wizard flickers and vanishes!
Deactivating autopickup; reactivate with Ctrl-A.
The orc hits you but does no damage. x2
The orc priest calls down the wrath of Beogh upon you.
Beogh smites you!
* * * LOW HITPOINT WARNING * * *
The lemure hits you!
* * * LOW HITPOINT WARNING * * *
You climb upwards.
Reactivating autopickup.
There is a stone staircase leading down here.
A red film seems to cover your vision as you go berserk!
You feel yourself moving faster!
You feel mighty! The worm bites you.
* * * LOW HITPOINT WARNING * * *
The orc barely misses you. You furiously retaliate!
You headbutt the orc. The lemure hits you but does no damage.
The orc hits you but does no damage.
You barely miss the orc. You headbutt the orc!
You feel the power of Trog in you as your rage grows.
You kill the orc!
Trog accepts your kill. The lemure hits you but does no damage.
The orc hits you with a +0 flail.
You die...

######## ##......## ##........##
#..[.......# #####..........#
#.....#####....# ######
####.....#5.o#....#####.....
######.....)..#)@.#....##....###.
.......##.....#w..#.......#### #.
#########.....#.∩.#....#### #. #
##.##.#...#....#########. #
#.##.#####....#......... #
#.##..........#......... #
######.##..........#........# #
#...##.###^.......##........#
#...##.####......###........#


You could see a lemure, a worm and an orc.

Vanquished Creatures
  A lemure (D:4)
  A howler monkey (D:5)
  Crazy Yiuf (D:2)
  Natasha (thrice) (D:3)
  Terence (D:2)
  7 gnolls
  2 adders
  4 worms
  3 dart slugs
  An orc (D:4)
  8 bats
  6 endoplasms
  2 giant cockroaches (D:1)
  7 hobgoblins
  7 kobolds
  A quokka (D:3)
  5 ball pythons
  4 frilled lizards
  11 goblins
  5 rats
80 creatures vanquished.

Notes
Turn   | Place    | Note
-------+----------+-------------------------------------------
     0 | D:1      | kingsuperguy the Minotaur Berserker began the quest for the
                  | Orb.
     0 | D:1      | Reached XP level 1. HP: 19/19 MP: 0/0
   135 | D:1      | Found a faded altar of an unknown god.
   182 | D:1      | Reached XP level 2. HP: 27/27 MP: 1/1
   330 | D:1      | Reached skill level 4 in Long Blades
   493 | D:1      | Found Ismoeso's Weapon Emporium.
   828 | D:2      | Reached XP level 3. HP: 32/33 MP: 2/2
  1301 | D:2      | Reached ** piety under Trog
  1460 | D:2      | Found a runed translucent door.
  1461 | D:2      | Noticed Crazy Yiuf
  1651 | D:2      | Noticed Terence
  1659 | D:2      | Killed Terence
  1660 | D:2      | Reached XP level 4. HP: 41/41 MP: 1/3
  1810 | D:2      | Reached skill level 5 in Long Blades
  2284 | D:2      | Killed Crazy Yiuf
  2285 | D:2      | Reached XP level 5. HP: 33/47 MP: 2/4
  2649 | D:3      | Found Ihunad's Jewellery Shop.
  2650 | D:3      | Noticed Natasha
  2657 | D:3      | Killed Natasha
  2873 | D:3      | Noticed Natasha
  2881 | D:3      | Killed Natasha
  3204 | D:3      | Reached skill level 5 in Fighting
  3287 | D:3      | Noticed Natasha
  3293 | D:3      | Killed Natasha
  3294 | D:3      | Reached skill level 6 in Long Blades
  3343 | D:4      | Found a shimmering blue altar of Sif Muna.
  3387 | D:4      | Reached XP level 6. HP: 35/56 MP: 3/5
  3671 | D:4      | Found Bifryr's General Store.
  3784 | D:4      | Identified the +1 leather armour "Languuv" {rF- rN+ Stlth+}
  3990 | D:5      | Entered Level 5 of the Dungeon
  4161 | D:4      | Slain by an orc

Illustrated notes

Levels and vault maps discovered:
D:1:      evilmike_arrival_crescent, layout_rooms,
          hellmonk_ecumenical_altar_zigzags, serial_shops, nicolae_shop_trees,
          grunt_decor_resistance
D:2:      layout_basic, uniq_terence, uniq_crazy_yiuf_cottage
D:3:      cheibrodos_greedy_goblins, layout_loops_ring, serial_shops,
          nicolae_shop_trees, uniq_natasha
D:4:      layout_rooms, led_sif_book, serial_shops, nicolae_take_the_stairs
D:5:      layout_basic, lemuel_zombie_altar_kikubaaqudgha, uniq_pikel

Skill      XL: |  1  2  3  4  5  6 |
---------------+-------------------+-----
Fighting       | 4 5 |  5.1
Long Blades    | 4 5 6 |  6.3
Armour         | 3 4 |  4.0
Dodging        | 3 |  3.2
Stealth        | |  0.2

Action                   |  1- 3 |  4- 6 || total
-------------------------+-------+-------++-------
Melee: Falchion          |    98 |   124 ||   222
       Headbutt          |    19 |    23 ||    42
       Punch             |     1 |     1 ||     2
Invok: Berserk           |     1 |     3 ||     4
Armor: Animal skin       |     5 |       ||     5
       Chain mail        |    28 |    63 ||    91
Dodge: Dodged            |    49 |    56 ||   105
